Workbook
Name ASIGNACIÓN: 'TABLAS VALORACIÓN'!$H$27:$H$28
Name CLASE: 'TABLAS VALORACIÓN'!$C$27:$C$28
Name ETAPA: 'TABLAS VALORACIÓN'!#REF!
Name FUENTE: 'TABLAS VALORACIÓN'!$D$27:$D$28
Name IMPACTO: 'TABLAS VALORACIÓN'!$G$27:$G$31
Name PROBABILIDAD: 'TABLAS VALORACIÓN'!$F$27:$F$31
Name TIPO: 'TABLAS VALORACIÓN'!#REF!

Sheet TABLAS VALORACIÓN
A1: TABLAS PARA VALORACIÓN DE RIESGO SEGÚN METODOLOGÍA CCE - No imprimir
B3: Clase del Riesgo | C3: Descripción | F3: Etapa del proceso | G3: Desde | H3: Hasta | I3: Descrición | N3: Tipo de riesgo | O3: Descripción
B4: General | C4: Es un Riesgo de todos los Procesos de Contratación adelantados por la Entidad Estatal, por lo cual está presente en toda su actividad contractual. | F4: Planeación | G4: Plan anual de adquisición | H4: Acto de Apertura del Proceso de Contratación | I4: Durante esta estapa, la Entidad elabora los estudios previos y el proyecto de pliegos de condiciones o sus equivalentes. Dentro de las preguntas que la Entidad Estatal debe hacerse para identificar los Riesgos de la etapa de planeación se encuentran las siguientes: (i) La modalidad de contratación es adecuada para el bien servicio u obra necesitado. (ii) Los requisitos habilitantes son los apropiados para el Proceso de Contratación y es posible encontrar proponentes que los cumplan incluyendo los Riesgos relacionados con la habilidad para determinar requisitos habilitantes consistentes con el Proceso de Contratación y con el sector económico en el que actúan los posibles oferentes. (iii) El valor del contrato corresponde a los precios del mercado. (iv) La descripción del bien o servicio requerido es claro. (v) El Proceso de Contratación cuenta con las condiciones que garanticen la transparencia, equidad y competencia entre los proponentes. (vi) El estudio de mercado permite identificar los aspectos de oferta y demanda del mercado respectivo. (vii) El diseño del Proceso de Contratación permite satisfacer las necesidades de la Entidad Estatal, cumplir su misión y si es coherente con el cumplimiento de sus objetivos y metas. | N4: Riesgos Económicos: | O4: Son los derivados del comportamiento del mercado, tales como la fluctuación de los precios de los insumos, desabastecimiento y especulación de los mismos, entre otros.
B5: Específico | C5: Es un Riesgo propio del Proceso de Contratación objeto de análisis. | N5: Riesgos Sociales o Políticos | O5: Son los derivados de los cambios de las políticas gubernamentales y de cambios en las condiciones sociales que tengan impacto en la ejecución del contrato.
N6: Riesgos Operacionales | O6: Son los asociados a la operatividad del contrato, tales como la suficiencia del presupuesto oficial, del plazo o los derivados de procesos, procedimientos, parámetros, sistemas de información y tecnológicos, equipos humanos o técnicos inadecuados o insuficientes.
B7: Fuente del Riesgo | C7: Descripción | F7: Selección | G7: Acto de Apertura del Proceso de Contratación | H7: Adjudicación o la declaración de desierto del Proceso de Contratación | I7: En la etapa de selección la Entidad Estatal selecciona al contratista. En esta etapa los Riesgos frecuentes son los siguientes: (i) Falta de capacidad de la Entidad Estatal para promover y adelantar la selección del contratista, incluyendo el riesgo de seleccionar aquellos que no cumplan con la totalidad de los requisitos habilitantes o se encuentren incursos en alguna inhabilidad o incompatibilidad. (ii) Riesgo de colusión. (iii) Riesgo de ofertas artificialmente bajas. | N7: Riesgos Financieros: | O7: Son (i) el riesgo de consecución de financiación o riesgo de liquidez para obtener recursos para cumplir con el objeto del contrato, y (ii) el riesgo de las condiciones financieras establecidas para la obtención de los recursos, tales como plazos, tasas, garantías, contragarantías, y refinanciaciones, entre otros. | AA7: w
B8: Interno | C8: Es un Riesgo asociado a la operación, capacidad, o situación particular de la Entidad Estatal (reputacional, tecnológico). | F8: Contratación | G8: Adjudicación del contrato objeto del proceso de contratación | H8: Perfeccionamiento | I8: En esta etapa los Riesgos frecuentes son los siguientes: (i) Riesgo de que no se firme el contrato. (ii) Riesgo de que no se presenten las garantías requeridas en los Documentos del Proceso de Contratación o que su presentación sea tardía. (iii) Riesgos asociados al incumplimiento de la publicación o el registro presupuestal del contrato. (iv) Riesgos asociados a los reclamos de terceros sobre la selección del oferente que retrasen el perfeccionamiento del contrato. | N8: Riesgos Regulatorios | O8: Derivados de cambios regulatorios o reglamentarios que afecten la ecuación económica del contrato.
B9: Externo | C9: Es un Riesgo del sector del objeto del Proceso de Contratación, o asociado a asuntos no referidos a la Entidad Estatal (desastres económicos, existencia de monopolios, circunstancias electorales). | F9: Ejecución | G9: Perfeccionamiento | H9: Vencimiento del plazo o acta de liquidación | I9: Esta etapa puede extenderse cuando hay lugar a garantías de calidad, estabilidad y mantenimiento, o a condiciones de disposición final o recuperación ambiental de las obras o bienes. En esta etapa se cumplen con las obligaciones previstas en el contrato, permitiendo el logro del objeto del Proceso de Contratación; en consecuencia los Riesgos frecuentes son los asociados al cumplimiento del contrato y el logro del objeto propuesto, el rompimiento del equilibrio económico del contrato, los asociados a la liquidación y terminación del contrato y aquellos relacionados con el incumplimiento de la normativa posconsumo. | N9: Riesgos de la Naturaleza: | O9: Son los eventos naturales previsibles en los cuales no hay intervención humana que puedan tener impacto en la ejecución del contrato, por ejemplo los temblores, inundaciones, lluvias, sequías, entre otros.
N10: Riesgos Ambientales: | O10: Son los derivados de las obligaciones legales o reglamentarias de carácter ambiental, así como de las licencias, planes de manejo o de permisos y autorizaciones ambientales, incluyendo tasas retributivas y compensatorias, obligaciones de mitigación, tareas de monitoreo y control, entre otras.
N12: Riesgos Tecnológicos: | O12: Son los derivados de fallas en los sistemas de comunicación de voz y de datos, suspensión de servicios públicos, nuevos desarrollos tecnológicos o estándares que deben ser tenidos en cuenta para la ejecución del contrato, obsolescencia tecnológica
C14: Probabilidad del Riesgo | F14: Impacto del riesgo | O14: Impacto | X14: Categoría del riesgo
C15: Categoría | D15: Valoración | F15: Impacto | O15: Clasificación Cualitativa | Q15: Obstruye la ejecución del contrato de manera intrascendente. | R15: Dificulta la ejecución del contrato de manera baja. Aplicando medidas mínimas se puede lograr el objeto contractual. | S15: Afecta la ejecución del contrato sin alterar el beneficio de las partes. | T15: Obstruye la ejecución del contrato sustancialmente per aun así permite la consecución del objeto contractual. | U15: Perturba la ejecución del contrato de manera grave imposibilitando la consecución del objeto contractual. | X15: Valoración del riesgo | Y15: Categoría
B16: Probabilidad | C16: Raro (puede ocurrir excepcionalmente) | D16: 1 | F16: Clasificación Cualitativa | H16: Obstruye la ejecución del contrato de manera intrascendente. | I16: Dificulta la ejecución del contrato de manera baja. Aplicando medidas mínimas se puede lograr el objeto contractual. | J16: Afecta la ejecución del contrato sin alterar el beneficio de las partes. | K16: Obstruye la ejecución del contrato sustancialmente per aun así permite la consecución del objeto contractual. | L16: Perturba la ejecución del contrato de manera grave imposibilitando la consecución del objeto contractual. | O16: Clasificación Monetaria | Q16: Los sobrecostos no representan mpas del uno por ciento (1%) del valor del contrato. | R16: Los sobrecostos no representan más del cinco por ciento (5%) del valor del contrato. | S16: Genera un impacto sobre el valor del contrato entre el cinco (5%) y el quince por ciento (15%). | T16: Incrementa el valor del contrato entre el quince (15%) y el treinta por ciento (30%). | U16: Impacto sobre el valor del contrato de más del treinta por ciento (30%). | X16: 8,9,10 | Y16: Riesgo Extremo
C17: Improbable (puede ocurrir ocasionalmente) | D17: 2 | F17: Clasificación Monetaria | H17: Los sobrecostos no representan mpas del uno por ciento (1%) del valor del contrato. | I17: Los sobrecostos no representan más del cinco por ciento (5%) del valor del contrato. | J17: Genera un impacto sobre el valor del contrato entre el cinco (5%) y el quince por ciento (15%). | K17: Incrementa el valor del contrato entre el quince (15%) y el treinta por ciento (30%). | L17: Impacto sobre el valor del contrato de más del treinta por ciento (30%). | O17: Categoría | P17: Valoración | Q17: Insignificante | R17: Menor | S17: Moderado | T17: Mayor | U17: Catastrófico | X17: 6 Y 7 | Y17: Riesgo Alto
C18: Posible (puede ocurrir en cualquier momento futuro) | D18: 3 | F18: Categoría | G18: Valoración | H18: Insignificante | I18: Menor | J18: Moderado | K18: Mayor | L18: Catastrófico | Q18: 1 | R18: 2 | S18: 3 | T18: 4 | U18: 5 | X18: 5 | Y18: Riesgo Medio
C19: Probable (probablemente va a ocurrir) | D19: 4 | H19: 1 | I19: 2 | J19: 3 | K19: 4 | L19: 5 | N19: Probabilidad | O19: Raro (puede ocurrir excepcionalmente) | P19: 1 | Q19: 2 | R19: 3 | S19: 4 | T19: 5 | U19: 6 | X19: 2,3 Y 4 | Y19: Riesgo Bajo
C20: Casi cierto (ocurre en la mayoría de circunstancias) | D20: 5 | O20: Improbable (puede ocurrir ocasionalmente) | P20: 2 | Q20: 3 | R20: 4 | S20: 5 | T20: 6 | U20: 7
O21: Posible (puede ocurrir en cualquier momento futuro) | P21: 3 | Q21: 4 | R21: 5 | S21: 6 | T21: 7 | U21: 8 | X21: ¿Afecta la ejecución del contrato? | Y21: Responsable por implementar el tratamiento
B22: Fuente: Agencia Nacional para la Contratación Pública – Colombia Compra Eficiente, http://www.colombiacompra.gov.co/es/manuales-y-documentos-tipo, disponible en internet, fecha de consulta 23 de enero de 2016. | O22: Probable (probablemente va a ocurrir) | P22: 4 | Q22: 5 | R22: 6 | S22: 7 | T22: 8 | U22: 9 | X22: Si | Y22: ICBF
O23: Casi cierto (ocurre en la mayoría de circunstancias) | P23: 5 | Q23: 6 | R23: 7 | S23: 8 | T23: 9 | U23: 10 | X23: No | Y23: Contratista
Y24: ICBF y Contratista
C26: CLASE | D26: FUENTE | F26: PROBABILIDAD | G26: IMPACTO | H26: ¿A quién se le asigna?
C27: General | D27: Interno | F27: 1=Raro | G27: 1= Insignificante | H27: ICBF
C28: Específico | D28: Externo | F28: 2=Improbable | G28: 2= Menor | H28: Contratista
F29: 3=Posible | G29: 3= Moderado
F30: 4=Probable | G30: 4= Mayor
F31: 5=Casi cierto | G31: 5= Catastrófico
C33: ETAPA | D33: TIPO
C34: Planeación | D34: Riesgos Económicos
C35: Selección | D35: Riesgos Sociales o Políticos
C36: Contratación | D36: Riesgos Operacionales
C37: Ejecución | D37: Riesgos Financieros
D38: Riesgos Regulatorios
D39: Riesgos de la Naturaleza
D40: Riesgos Ambientales
D41: Riesgos Tecnológicos

Sheet ANEXO RIESGOS
A2: Denominación del bien o servicio: MODALIDAD PROPIA E INTERCULTURAL - BCA | F2: Matriz de Identificación Valoración y Asignación de Riesgos | V2: Anexo # 1
V3: Fecha | W3: 44257
A4: Elaborado de conformidad con la metodología propuesta por la Agencia Nacional para la Contratación Pública – Colombia Compra Eficiente, detallada en el “Manual para la Identificación y Cobertura del Riesgo en los Proceso de Contratación", fuente: http://www.colombiacompra.gov.co/es/manuales-y-documentos-tipo, disponible en internet, fecha de consulta 23 de enero de 2016.
A5: No. | B5: Clase | C5: Fuente | D5: Etapa | E5: Tipo | F5: Descripción (Qué puede pasar y, cómo puede ocurrir) | G5: Consecuencia de la ocurrencia del evento | H5: Probabilidad | I5: Impacto | J5: Valoración del riesgo | K5: Categoría | L5: ¿A quién se le asigna? | M5: Tratamiento/Controles a ser implementados | N5: Impacto después del tratamiento | R5: ¿Afecta la ejecución del contrato? | S5: Responsable por implementar el tratamiento | T5: A partir de cuando se inicia el tratamiento | U5: Cuando se completa el tratamiento | V5: Monitoreo y revisión
N6: Probabilidad | O6: Impacto | P6: Valoración del riesgo | Q6: Categoría | V6: ¿Cómo se realiza el monitoreo? | W6: Periodicidad
A7: Numeración consecutiva desde 1 | B7: Seleccionar de lista desplegable | C7: Seleccionar de lista desplegable | D7: Seleccionar de lista desplegable | E7: Seleccionar de lista desplegable | F7: Digitar | G7: Digitar | H7: Seleccionar de lista desplegable | I7: Seleccionar de lista desplegable | J7: Formulado, no modificar | K7: Formulado, no modificar | L7: Seleccionar de lista desplegable | M7: Digitar | N7: Seleccionar de lista desplegable | O7: Seleccionar de lista desplegable | P7: Formulado, no modificar | Q7: Formulado, no modificar | R7: Seleccionar de lista desplegable | S7: Seleccionar de lista desplegable | T7: Digitar | U7: Digitar | V7: Digitar | W7: Digitar
A8: 1 | B8: General | C8: Externo | D8: Ejecución | E8: Riesgos Regulatorios | F8: Modificaciones del régimen tributario que implique afectación a la ejecución del contrato | G8: Desequilibrio de la ecuación contractual | H8: 1=Raro | I8: 2= Menor | J8: =IFERROR(MID(H8,1,1)+MID(I8,1,1),"") -> 3 | K8: =IF(J8="","",IF(OR(J8=2,J8=3,J8=4),'TABLAS VALORACIÓN'!$Y$19,IF(J8=5,'TABLAS VALORACIÓN'!$Y$18,IF(OR(J8=6,J8=7),'TABLAS VALORACIÓN'!$Y$17,IF(OR(J8=8,J8=9,J8=10),'TABLAS VALORACIÓN'!$Y$16))))) -> Riesgo Bajo | L8: ICBF | M8: Reducir las consecuencias a través de planes de contingencia | N8: 1=Raro | O8: 2= Menor | P8: =IFERROR(MID(N8,1,1)+MID(O8,1,1),"") -> 3 | Q8: =IF(P8="","",IF(OR(P8=2,P8=3,P8=4),'TABLAS VALORACIÓN'!$Y$19,IF(P8=5,'TABLAS VALORACIÓN'!$Y$18,IF(OR(P8=6,P8=7),'TABLAS VALORACIÓN'!$Y$17,IF(OR(P8=8,P8=9,P8=10),'TABLAS VALORACIÓN'!$Y$16))))) -> Riesgo Bajo | R8: No | S8: ICBF y Contratista | T8: Desde el inicio de la ejecución | U8: Hasta la finalización de la ejecución. | V8: Reuniones de seguimiento | W8: Bimestral
A9: 2 | B9: General | C9: Externo | D9: Ejecución | E9: Riesgos Sociales o Políticos | F9: Situaciones de orden público que puedan alterar la seguridad e impedir el desarrollo del objeto del contrato | G9: Incumplimiento o retraso en la ejecución | H9: 2=Improbable | I9: 4= Mayor | J9: =IFERROR(MID(H9,1,1)+MID(I9,1,1),"") -> 6 | K9: =IF(J9="","",IF(OR(J9=2,J9=3,J9=4),'TABLAS VALORACIÓN'!$Y$19,IF(J9=5,'TABLAS VALORACIÓN'!$Y$18,IF(OR(J9=6,J9=7),'TABLAS VALORACIÓN'!$Y$17,IF(OR(J9=8,J9=9,J9=10),'TABLAS VALORACIÓN'!$Y$16))))) -> Riesgo Alto | L9: ICBF | M9: Construir junto con las instancias de apoyo a la ejecución planes de contengencia que contemplen medidas como: i) reubicaciòn de UDS, ii) redistribuciòn de cupos, iii) modificaciòn de los horarios de prestaciòn del servicio -entre otras- | N9: 2=Improbable | O9: 3= Moderado | P9: =IFERROR(MID(N9,1,1)+MID(O9,1,1),"") -> 5 | Q9: =IF(P9="","",IF(OR(P9=2,P9=3,P9=4),'TABLAS VALORACIÓN'!$Y$19,IF(P9=5,'TABLAS VALORACIÓN'!$Y$18,IF(OR(P9=6,P9=7),'TABLAS VALORACIÓN'!$Y$17,IF(OR(P9=8,P9=9,P9=10),'TABLAS VALORACIÓN'!$Y$16))))) -> Riesgo Medio | R9: Si | S9: ICBF y Contratista | T9: Desde el inicio de la ejecución | U9: Hasta la finalización de la ejecución. | V9: Reuniones de seguimiento | W9: Bimestral
A10: 3 | B10: Específico | C10: Interno | D10: Ejecución | E10: Riesgos Operacionales | F10: No cumplimiento de las especificaciones técnicas contenidas en los manuales operativos | G10: Incumplimiento del objeto contractual | H10: 1=Raro | I10: 5= Catastrófico | J10: =IFERROR(MID(H10,1,1)+MID(I10,1,1),"") -> 6 | K10: =IF(J10="","",IF(OR(J10=2,J10=3,J10=4),'TABLAS VALORACIÓN'!$Y$19,IF(J10=5,'TABLAS VALORACIÓN'!$Y$18,IF(OR(J10=6,J10=7),'TABLAS VALORACIÓN'!$Y$17,IF(OR(J10=8,J10=9,J10=10),'TABLAS VALORACIÓN'!$Y$16))))) -> Riesgo Alto | L10: Contratista | M10: Seguimento técncio por parte del supervisor y demás intancias de apoyo para la ejecución. Asistencia tècnica periodica a la EAS | N10: 1=Raro | O10: 2= Menor | P10: =IFERROR(MID(N10,1,1)+MID(O10,1,1),"") -> 3 | Q10: =IF(P10="","",IF(OR(P10=2,P10=3,P10=4),'TABLAS VALORACIÓN'!$Y$19,IF(P10=5,'TABLAS VALORACIÓN'!$Y$18,IF(OR(P10=6,P10=7),'TABLAS VALORACIÓN'!$Y$17,IF(OR(P10=8,P10=9,P10=10),'TABLAS VALORACIÓN'!$Y$16))))) -> Riesgo Bajo | R10: Si | S10: Contratista | T10: Desde el inicio de la ejecución | U10: Hasta la finalización de la ejecución. | V10: Reuniones de seguimiento | W10: Bimestral
A11: 4 | B11: Específico | C11: Interno | D11: Ejecución | E11: Riesgos Operacionales | F11: El no pago de salarios y prestaciones sociales a los trabajadores | G11: Incumplimiento en la ejecución del contrato | H11: 3=Posible | I11: 5= Catastrófico | J11: =IFERROR(MID(H11,1,1)+MID(I11,1,1),"") -> 8 | K11: =IF(J11="","",IF(OR(J11=2,J11=3,J11=4),'TABLAS VALORACIÓN'!$Y$19,IF(J11=5,'TABLAS VALORACIÓN'!$Y$18,IF(OR(J11=6,J11=7),'TABLAS VALORACIÓN'!$Y$17,IF(OR(J11=8,J11=9,J11=10),'TABLAS VALORACIÓN'!$Y$16))))) -> Riesgo Extremo | L11: Contratista | M11: Reducir la probabilidad de la ocurrencia del evento, y exigencia de la póliza de salarios y prestaciones sociales | N11: 1=Raro | O11: 2= Menor | P11: =IFERROR(MID(N11,1,1)+MID(O11,1,1),"") -> 3 | Q11: =IF(P11="","",IF(OR(P11=2,P11=3,P11=4),'TABLAS VALORACIÓN'!$Y$19,IF(P11=5,'TABLAS VALORACIÓN'!$Y$18,IF(OR(P11=6,P11=7),'TABLAS VALORACIÓN'!$Y$17,IF(OR(P11=8,P11=9,P11=10),'TABLAS VALORACIÓN'!$Y$16))))) -> Riesgo Bajo | R11: Si | S11: ICBF y Contratista | T11: Desde el inicio de la ejecución | U11: Hasta la finalización de la ejecución. | V11: Informe financiero (donde se evidencie el pago del talento humano) | W11: Mensual
A12: 5 | B12: Específico | C12: Interno | D12: Ejecución | E12: Riesgos Operacionales | F12: Daños causados a terceros en virtud de la ejecución del contrato, por actos u omisiones del contratista y de las entidades que prestan directamente el servicio distintas del contratista | G12: Daño a terceros | H12: 1=Raro | I12: 2= Menor | J12: =IFERROR(MID(H12,1,1)+MID(I12,1,1),"") -> 3 | K12: =IF(J12="","",IF(OR(J12=2,J12=3,J12=4),'TABLAS VALORACIÓN'!$Y$19,IF(J12=5,'TABLAS VALORACIÓN'!$Y$18,IF(OR(J12=6,J12=7),'TABLAS VALORACIÓN'!$Y$17,IF(OR(J12=8,J12=9,J12=10),'TABLAS VALORACIÓN'!$Y$16))))) -> Riesgo Bajo | L12: Contratista | M12: Reducir la probabilidad de la ocurrencia del evento, y exigencia de la póliza de responsabilidad extracontractual | N12: 1=Raro | O12: 2= Menor | P12: =IFERROR(MID(N12,1,1)+MID(O12,1,1),"") -> 3 | Q12: =IF(P12="","",IF(OR(P12=2,P12=3,P12=4),'TABLAS VALORACIÓN'!$Y$19,IF(P12=5,'TABLAS VALORACIÓN'!$Y$18,IF(OR(P12=6,P12=7),'TABLAS VALORACIÓN'!$Y$17,IF(OR(P12=8,P12=9,P12=10),'TABLAS VALORACIÓN'!$Y$16))))) -> Riesgo Bajo | R12: No | S12: Contratista | T12: Desde el inicio de la ejecución | U12: Hasta la finalización de la ejecución. | V12: Informes de supervisión | W12: Mensual
A13: 6 | B13: Específico | C13: Externo | D13: Ejecución | E13: Riesgos Operacionales | F13: Desabastecimiento de alimientos establecidos en la minuta patrón | G13: No se suministra la ración en los tèrminos establecidos en la minuta patròn. Así mismo se pueden presentar intercambios de alimientos que no cumplan los requerimientos nutricionales. | H13: 1=Raro | I13: 3= Moderado | J13: =IFERROR(MID(H13,1,1)+MID(I13,1,1),"") -> 4 | K13: =IF(J13="","",IF(OR(J13=2,J13=3,J13=4),'TABLAS VALORACIÓN'!$Y$19,IF(J13=5,'TABLAS VALORACIÓN'!$Y$18,IF(OR(J13=6,J13=7),'TABLAS VALORACIÓN'!$Y$17,IF(OR(J13=8,J13=9,J13=10),'TABLAS VALORACIÓN'!$Y$16))))) -> Riesgo Bajo | L13: Contratista | M13: Ajuste de la minuta patron con alimentos disponibles que garanticen el valor calórico y nutricional requerido. Para efectuar este análisis se debe cumpli con la lista de intercambios establecida por el ICBF. | N13: 1=Raro | O13: 1= Insignificante | P13: =IFERROR(MID(N13,1,1)+MID(O13,1,1),"") -> 2 | Q13: =IF(P13="","",IF(OR(P13=2,P13=3,P13=4),'TABLAS VALORACIÓN'!$Y$19,IF(P13=5,'TABLAS VALORACIÓN'!$Y$18,IF(OR(P13=6,P13=7),'TABLAS VALORACIÓN'!$Y$17,IF(OR(P13=8,P13=9,P13=10),'TABLAS VALORACIÓN'!$Y$16))))) -> Riesgo Bajo | R13: No | S13: Contratista | T13: Desde el inicio de la ejecución | U13: Hasta la finalización de la ejecución. | V13: Informes de supervisión y el seguimiento nutricional que realizan los nutricionistas (operador o centro zonal) | W13: Trimestral
A14: 7 | B14: Específico | C14: Externo | D14: Ejecución | E14: Riesgos Operacionales | F14: Baja Cobertura | G14: Se genera una ineficiente ejecución de recursos asignados al contrato | H14: 3=Posible | I14: 4= Mayor | J14: =IFERROR(MID(H14,1,1)+MID(I14,1,1),"") -> 7 | K14: =IF(J14="","",IF(OR(J14=2,J14=3,J14=4),'TABLAS VALORACIÓN'!$Y$19,IF(J14=5,'TABLAS VALORACIÓN'!$Y$18,IF(OR(J14=6,J14=7),'TABLAS VALORACIÓN'!$Y$17,IF(OR(J14=8,J14=9,J14=10),'TABLAS VALORACIÓN'!$Y$16))))) -> Riesgo Alto | L14: Contratista | M14: Reasignación de cupos por parte del comité técnico operativo | N14: 1=Raro | O14: 1= Insignificante | P14: =IFERROR(MID(N14,1,1)+MID(O14,1,1),"") -> 2 | Q14: =IF(P14="","",IF(OR(P14=2,P14=3,P14=4),'TABLAS VALORACIÓN'!$Y$19,IF(P14=5,'TABLAS VALORACIÓN'!$Y$18,IF(OR(P14=6,P14=7),'TABLAS VALORACIÓN'!$Y$17,IF(OR(P14=8,P14=9,P14=10),'TABLAS VALORACIÓN'!$Y$16))))) -> Riesgo Bajo | R14: No | S14: Contratista | T14: Desde el inicio de la ejecución | U14: Hasta la finalización de la ejecución. | V14: En las sesiones del comité técnico operativo y en los informes de supervisión | W14: Bimestral
A15: 8 | B15: Específico | C15: Externo | D15: Ejecución | E15: Riesgos Operacionales | F15: Enfermedades Causadas a los niños y las niñas por la ingesta de alimentos en mal estado | G15: Afectación de la salud de los beneficiarios | H15: 1=Raro | I15: 5= Catastrófico | J15: =IFERROR(MID(H15,1,1)+MID(I15,1,1),"") -> 6 | K15: =IF(J15="","",IF(OR(J15=2,J15=3,J15=4),'TABLAS VALORACIÓN'!$Y$19,IF(J15=5,'TABLAS VALORACIÓN'!$Y$18,IF(OR(J15=6,J15=7),'TABLAS VALORACIÓN'!$Y$17,IF(OR(J15=8,J15=9,J15=10),'TABLAS VALORACIÓN'!$Y$16))))) -> Riesgo Alto | L15: Contratista | M15: Supervisar periodicamente la calidad de los alimentos, así como almacenaje y preparación. Estas variables hacen parte del las Buenas Prácticas de Manofacura (BPM) | N15: 1=Raro | O15: 4= Mayor | P15: =IFERROR(MID(N15,1,1)+MID(O15,1,1),"") -> 5 | Q15: =IF(P15="","",IF(OR(P15=2,P15=3,P15=4),'TABLAS VALORACIÓN'!$Y$19,IF(P15=5,'TABLAS VALORACIÓN'!$Y$18,IF(OR(P15=6,P15=7),'TABLAS VALORACIÓN'!$Y$17,IF(OR(P15=8,P15=9,P15=10),'TABLAS VALORACIÓN'!$Y$16))))) -> Riesgo Medio | R15: Si | S15: ICBF | T15: Desde el inicio de la ejecución | U15: Hasta la finalización de la ejecución. | V15: En las sesiones del comité técnico operativo y en los informes de supervisión | W15: Bimestral
A16: 9 | B16: Específico | C16: Interno | D16: Ejecución | E16: Riesgos Operacionales | F16: El no pago oportuno por parte del ICBF, según condiciones del contrato | G16: Retraso de la operación | H16: 1=Raro | I16: 3= Moderado | J16: =IFERROR(MID(H16,1,1)+MID(I16,1,1),"") -> 4 | K16: =IF(J16="","",IF(OR(J16=2,J16=3,J16=4),'TABLAS VALORACIÓN'!$Y$19,IF(J16=5,'TABLAS VALORACIÓN'!$Y$18,IF(OR(J16=6,J16=7),'TABLAS VALORACIÓN'!$Y$17,IF(OR(J16=8,J16=9,J16=10),'TABLAS VALORACIÓN'!$Y$16))))) -> Riesgo Bajo | L16: ICBF | M16: Construcción de un cronograma de pagos el cual hace parte de la clàusula de los desembolsos del negocio jurìdico | N16: 1=Raro | O16: 1= Insignificante | P16: =IFERROR(MID(N16,1,1)+MID(O16,1,1),"") -> 2 | Q16: =IF(P16="","",IF(OR(P16=2,P16=3,P16=4),'TABLAS VALORACIÓN'!$Y$19,IF(P16=5,'TABLAS VALORACIÓN'!$Y$18,IF(OR(P16=6,P16=7),'TABLAS VALORACIÓN'!$Y$17,IF(OR(P16=8,P16=9,P16=10),'TABLAS VALORACIÓN'!$Y$16))))) -> Riesgo Bajo | R16: Si | S16: ICBF | T16: Desde el inicio de la ejecución | U16: Hasta la finalización de la ejecución. | V16: Seguimiento al cronograma de pagos | W16: Bimestral
J17: =IFERROR(MID(H17,1,1)+MID(I17,1,1),"") | K17: =IF(J17="","",IF(OR(J17=2,J17=3,J17=4),'TABLAS VALORACIÓN'!$Y$19,IF(J17=5,'TABLAS VALORACIÓN'!$Y$18,IF(OR(J17=6,J17=7),'TABLAS VALORACIÓN'!$Y$17,IF(OR(J17=8,J17=9,J17=10),'TABLAS VALORACIÓN'!$Y$16))))) | P17: =IFERROR(MID(N17,1,1)+MID(O17,1,1),"") | Q17: =IF(P17="","",IF(OR(P17=2,P17=3,P17=4),'TABLAS VALORACIÓN'!$Y$19,IF(P17=5,'TABLAS VALORACIÓN'!$Y$18,IF(OR(P17=6,P17=7),'TABLAS VALORACIÓN'!$Y$17,IF(OR(P17=8,P17=9,P17=10),'TABLAS VALORACIÓN'!$Y$16)))))
J18: =IFERROR(MID(H18,1,1)+MID(I18,1,1),"") | K18: =IF(J18="","",IF(OR(J18=2,J18=3,J18=4),'TABLAS VALORACIÓN'!$Y$19,IF(J18=5,'TABLAS VALORACIÓN'!$Y$18,IF(OR(J18=6,J18=7),'TABLAS VALORACIÓN'!$Y$17,IF(OR(J18=8,J18=9,J18=10),'TABLAS VALORACIÓN'!$Y$16))))) | P18: =IFERROR(MID(N18,1,1)+MID(O18,1,1),"") | Q18: =IF(P18="","",IF(OR(P18=2,P18=3,P18=4),'TABLAS VALORACIÓN'!$Y$19,IF(P18=5,'TABLAS VALORACIÓN'!$Y$18,IF(OR(P18=6,P18=7),'TABLAS VALORACIÓN'!$Y$17,IF(OR(P18=8,P18=9,P18=10),'TABLAS VALORACIÓN'!$Y$16))))) | X18: =IF(H18="Raro",1,IF(H18="Improbable",2,IF(H18="Posible",3,IF(H18="Probable",4,IF(H18="casi cierto",5,""))))) | Y18: =IF(I18="Insignificante",1,IF(I18="Menor",2,IF(I18="Moderado",3,IF(I18="Mayor",4,IF(I18="Catastrófico",5,""))))) | Z18: =IF(N18="Raro",1,IF(N18="Improbable",2,IF(N18="Posible",3,IF(N18="Probable",4,IF(N18="casi cierto",5,""))))) | AA18: =IF(O18="Insignificante",1,IF(O18="Menor",2,IF(O18="Moderado",3,IF(O18="Mayor",4,IF(O18="Catastrófico",5,"")))))
J19: =IFERROR(MID(H19,1,1)+MID(I19,1,1),"") | K19: =IF(J19="","",IF(OR(J19=2,J19=3,J19=4),'TABLAS VALORACIÓN'!$Y$19,IF(J19=5,'TABLAS VALORACIÓN'!$Y$18,IF(OR(J19=6,J19=7),'TABLAS VALORACIÓN'!$Y$17,IF(OR(J19=8,J19=9,J19=10),'TABLAS VALORACIÓN'!$Y$16))))) | P19: =IFERROR(MID(N19,1,1)+MID(O19,1,1),"") | Q19: =IF(P19="","",IF(OR(P19=2,P19=3,P19=4),'TABLAS VALORACIÓN'!$Y$19,IF(P19=5,'TABLAS VALORACIÓN'!$Y$18,IF(OR(P19=6,P19=7),'TABLAS VALORACIÓN'!$Y$17,IF(OR(P19=8,P19=9,P19=10),'TABLAS VALORACIÓN'!$Y$16)))))
J20: =IFERROR(MID(H20,1,1)+MID(I20,1,1),"") | K20: =IF(J20="","",IF(OR(J20=2,J20=3,J20=4),'TABLAS VALORACIÓN'!$Y$19,IF(J20=5,'TABLAS VALORACIÓN'!$Y$18,IF(OR(J20=6,J20=7),'TABLAS VALORACIÓN'!$Y$17,IF(OR(J20=8,J20=9,J20=10),'TABLAS VALORACIÓN'!$Y$16))))) | P20: =IFERROR(MID(N20,1,1)+MID(O20,1,1),"") | Q20: =IF(P20="","",IF(OR(P20=2,P20=3,P20=4),'TABLAS VALORACIÓN'!$Y$19,IF(P20=5,'TABLAS VALORACIÓN'!$Y$18,IF(OR(P20=6,P20=7),'TABLAS VALORACIÓN'!$Y$17,IF(OR(P20=8,P20=9,P20=10),'TABLAS VALORACIÓN'!$Y$16)))))
J21: =IFERROR(MID(H21,1,1)+MID(I21,1,1),"") | K21: =IF(J21="","",IF(OR(J21=2,J21=3,J21=4),'TABLAS VALORACIÓN'!$Y$19,IF(J21=5,'TABLAS VALORACIÓN'!$Y$18,IF(OR(J21=6,J21=7),'TABLAS VALORACIÓN'!$Y$17,IF(OR(J21=8,J21=9,J21=10),'TABLAS VALORACIÓN'!$Y$16))))) | P21: =IFERROR(MID(N21,1,1)+MID(O21,1,1),"") | Q21: =IF(P21="","",IF(OR(P21=2,P21=3,P21=4),'TABLAS VALORACIÓN'!$Y$19,IF(P21=5,'TABLAS VALORACIÓN'!$Y$18,IF(OR(P21=6,P21=7),'TABLAS VALORACIÓN'!$Y$17,IF(OR(P21=8,P21=9,P21=10),'TABLAS VALORACIÓN'!$Y$16)))))
J22: =IFERROR(MID(H22,1,1)+MID(I22,1,1),"") | K22: =IF(J22="","",IF(OR(J22=2,J22=3,J22=4),'TABLAS VALORACIÓN'!$Y$19,IF(J22=5,'TABLAS VALORACIÓN'!$Y$18,IF(OR(J22=6,J22=7),'TABLAS VALORACIÓN'!$Y$17,IF(OR(J22=8,J22=9,J22=10),'TABLAS VALORACIÓN'!$Y$16))))) | P22: =IFERROR(MID(N22,1,1)+MID(O22,1,1),"") | Q22: =IF(P22="","",IF(OR(P22=2,P22=3,P22=4),'TABLAS VALORACIÓN'!$Y$19,IF(P22=5,'TABLAS VALORACIÓN'!$Y$18,IF(OR(P22=6,P22=7),'TABLAS VALORACIÓN'!$Y$17,IF(OR(P22=8,P22=9,P22=10),'TABLAS VALORACIÓN'!$Y$16)))))
J23: =IFERROR(MID(H23,1,1)+MID(I23,1,1),"") | K23: =IF(J23="","",IF(OR(J23=2,J23=3,J23=4),'TABLAS VALORACIÓN'!$Y$19,IF(J23=5,'TABLAS VALORACIÓN'!$Y$18,IF(OR(J23=6,J23=7),'TABLAS VALORACIÓN'!$Y$17,IF(OR(J23=8,J23=9,J23=10),'TABLAS VALORACIÓN'!$Y$16))))) | P23: =IFERROR(MID(N23,1,1)+MID(O23,1,1),"") | Q23: =IF(P23="","",IF(OR(P23=2,P23=3,P23=4),'TABLAS VALORACIÓN'!$Y$19,IF(P23=5,'TABLAS VALORACIÓN'!$Y$18,IF(OR(P23=6,P23=7),'TABLAS VALORACIÓN'!$Y$17,IF(OR(P23=8,P23=9,P23=10),'TABLAS VALORACIÓN'!$Y$16)))))
J24: =IFERROR(MID(H24,1,1)+MID(I24,1,1),"") | K24: =IF(J24="","",IF(OR(J24=2,J24=3,J24=4),'TABLAS VALORACIÓN'!$Y$19,IF(J24=5,'TABLAS VALORACIÓN'!$Y$18,IF(OR(J24=6,J24=7),'TABLAS VALORACIÓN'!$Y$17,IF(OR(J24=8,J24=9,J24=10),'TABLAS VALORACIÓN'!$Y$16))))) | P24: =IFERROR(MID(N24,1,1)+MID(O24,1,1),"") | Q24: =IF(P24="","",IF(OR(P24=2,P24=3,P24=4),'TABLAS VALORACIÓN'!$Y$19,IF(P24=5,'TABLAS VALORACIÓN'!$Y$18,IF(OR(P24=6,P24=7),'TABLAS VALORACIÓN'!$Y$17,IF(OR(P24=8,P24=9,P24=10),'TABLAS VALORACIÓN'!$Y$16)))))
J25: =IFERROR(MID(H25,1,1)+MID(I25,1,1),"") | K25: =IF(J25="","",IF(OR(J25=2,J25=3,J25=4),'TABLAS VALORACIÓN'!$Y$19,IF(J25=5,'TABLAS VALORACIÓN'!$Y$18,IF(OR(J25=6,J25=7),'TABLAS VALORACIÓN'!$Y$17,IF(OR(J25=8,J25=9,J25=10),'TABLAS VALORACIÓN'!$Y$16))))) | P25: =IFERROR(MID(N25,1,1)+MID(O25,1,1),"") | Q25: =IF(P25="","",IF(OR(P25=2,P25=3,P25=4),'TABLAS VALORACIÓN'!$Y$19,IF(P25=5,'TABLAS VALORACIÓN'!$Y$18,IF(OR(P25=6,P25=7),'TABLAS VALORACIÓN'!$Y$17,IF(OR(P25=8,P25=9,P25=10),'TABLAS VALORACIÓN'!$Y$16)))))
J26: =IFERROR(MID(H26,1,1)+MID(I26,1,1),"") | K26: =IF(J26="","",IF(OR(J26=2,J26=3,J26=4),'TABLAS VALORACIÓN'!$Y$19,IF(J26=5,'TABLAS VALORACIÓN'!$Y$18,IF(OR(J26=6,J26=7),'TABLAS VALORACIÓN'!$Y$17,IF(OR(J26=8,J26=9,J26=10),'TABLAS VALORACIÓN'!$Y$16))))) | P26: =IFERROR(MID(N26,1,1)+MID(O26,1,1),"") | Q26: =IF(P26="","",IF(OR(P26=2,P26=3,P26=4),'TABLAS VALORACIÓN'!$Y$19,IF(P26=5,'TABLAS VALORACIÓN'!$Y$18,IF(OR(P26=6,P26=7),'TABLAS VALORACIÓN'!$Y$17,IF(OR(P26=8,P26=9,P26=10),'TABLAS VALORACIÓN'!$Y$16))))) | X26: =IF(H26="Raro",1,IF(H26="Improbable",2,IF(H26="Posible",3,IF(H26="Probable",4,IF(H26="casi cierto",5,""))))) | Y26: =IF(I26="Insignificante",1,IF(I26="Menor",2,IF(I26="Moderado",3,IF(I26="Mayor",4,IF(I26="Catastrófico",5,""))))) | Z26: =IF(N26="Raro",1,IF(N26="Improbable",2,IF(N26="Posible",3,IF(N26="Probable",4,IF(N26="casi cierto",5,""))))) | AA26: =IF(O26="Insignificante",1,IF(O26="Menor",2,IF(O26="Moderado",3,IF(O26="Mayor",4,IF(O26="Catastrófico",5,"")))))
J27: =IFERROR(MID(H27,1,1)+MID(I27,1,1),"") | K27: =IF(J27="","",IF(OR(J27=2,J27=3,J27=4),'TABLAS VALORACIÓN'!$Y$19,IF(J27=5,'TABLAS VALORACIÓN'!$Y$18,IF(OR(J27=6,J27=7),'TABLAS VALORACIÓN'!$Y$17,IF(OR(J27=8,J27=9,J27=10),'TABLAS VALORACIÓN'!$Y$16))))) | P27: =IFERROR(MID(N27,1,1)+MID(O27,1,1),"") | Q27: =IF(P27="","",IF(OR(P27=2,P27=3,P27=4),'TABLAS VALORACIÓN'!$Y$19,IF(P27=5,'TABLAS VALORACIÓN'!$Y$18,IF(OR(P27=6,P27=7),'TABLAS VALORACIÓN'!$Y$17,IF(OR(P27=8,P27=9,P27=10),'TABLAS VALORACIÓN'!$Y$16)))))
